 Dungeon Crawl Stone Soup version 0.29.1-1-gd02db6906a (webtiles) character file.

Game seed: 15337421607121241910

14 EvilAshe the Shield-Bearer (level 2, 0/24 HPs)
             Began as a Human Fighter on Sept 19, 2022.
             Slain by a quokka (2 damage)
             ... on level 1 of the Dungeon.
             The game lasted 00:01:43 (527 turns).

EvilAshe the Shield-Bearer (Human Fighter)           Turns: 527, Time: 00:01:43

Health: 0/24       AC:  6    Str: 16    XL:     2   Next: 60%
Magic:  2/2        EV:  8    Int:  8    God:
Gold:   21         SH:  4    Dex: 12    Spells: 1/1 levels left

rFire   . . .      SeeInvis .   a - +0 long sword
rCold   . . .      Faith    .   c - +0 buckler
rNeg    . . .      Spirit   .   b - +0 scale mail
rPois   .          Reflect  .   (no helmet)
rElec   .          Harm     .   (no cloak)
rCorr   .          Rampage  .   (no gloves)
Will    .....                   (no boots)
Stlth   ..........              (no amulet)
HPRegen 0.08/turn               (no ring)
MPRegen 0.08/turn               (no ring)

@: no status effects
A: no striking features
a: no special abilities


You were on level 1 of the Dungeon.
You visited 1 branch of the dungeon, and saw 2 of its levels.

You collected 21 gold pieces.

Inventory:

Hand Weapons
 a - a +0 long sword (weapon)
Armour
 b - a +0 scale mail (worn)
 c - a +0 buckler (worn)
Scrolls
 e - a scroll of enchant weapon {unknown}
Potions
 d - a potion of might
 f - a potion of degeneration {unknown}
 g - a potion of resistance {unknown}


   Skills:
 - Level 3.0 Fighting
 * Level 3.0 Long Blades
 - Level 3.0 Armour
 - Level 3.0 Shields


You had one spell level left.
You didn't know any spells.
Your spell library was empty.

Dungeon Overview and Level Annotations

Branches:
Dungeon (2/15)

Altars:


Message History

You kill the bat!
The quokka barely misses you.
You hit the quokka but do no damage. The quokka bites you.
The quokka bites you but does no damage.
You miss the quokka. The quokka bites you.
You completely miss the quokka.
The quokka bites you but does no damage. x2
You barely miss the quokka. The quokka bites you.
You barely miss the quokka. The quokka barely misses you.
The quokka closely misses you.
You closely miss the quokka.
The quokka twitches its whiskers.
You block the quokka's attack.
You closely miss the quokka.
The quokka bites you but does no damage.
The quokka bites you.
* * * LOW HITPOINT WARNING * * *
You closely miss the quokka. You block the quokka's attack.
You miss the quokka. The quokka bites you.
* * * LOW HITPOINT WARNING * * *
The quokka misses you.
You hit the quokka.
The quokka is moderately wounded.
The quokka bites you but does no damage. x2
You closely miss the quokka.
The quokka is moderately wounded.
The quokka closely misses you.
You closely miss the quokka.
The quokka is moderately wounded.
The quokka bites you.
* * * LOW HITPOINT WARNING * * *
The quokka barely misses you.
You miss the quokka.
The quokka is moderately wounded.
The quokka bites you.
* * * LOW HITPOINT WARNING * * *
You hit the quokka but do no damage.
The quokka is moderately wounded.
The quokka bites you.
You die...

# #.~. .⌠. #.#.⌠.####..
#..~PP.... #..⌠PP~~
#...... .. #.....#
#.##### #.# #.#...# #r#
###.#...### #@#
##.........# #.#
...........#####.########
##.#.....................
##.###...#######.########
.....#...#######.#
.................#
##..############## #..#


You could see a quokka.

Vanquished Creatures
  An endoplasm (D:1)
  A giant cockroach (D:1)
  2 hobgoblins (D:1)
  2 kobolds (D:1)
  A quokka (D:2)
  2 ball pythons (D:1)
  2 bats (D:1)
  2 frilled lizards (D:1)
  A rat (D:1)
14 creatures vanquished.

Notes
Turn   | Place    | Note
-------+----------+-------------------------------------------
     0 | D:1      | EvilAshe the Human Fighter began the quest for the Orb.
     0 | D:1      | Reached XP level 1. HP: 18/18 MP: 1/1
   207 | D:1      | Reached XP level 2. HP: 24/24 MP: 2/2
   527 | D:1      | Slain by a quokka

Illustrated notes

Levels and vault maps discovered:
D:1:      lemuel_arrival_funnel, layout_loops_ring,
          shapermc_ecumenical_altar_acropolis
D:2:      layout_rooms, serial_undead, serial_undead_e, serial_undead_c,
          serial_undead_f, serial_undead_e, serial_undead_e, serial_undead_a,
          fountainhead

Skill      XL: |  1  2 |
---------------+-------+-----
Long Blades    | 3 |  3.0
Fighting       | |  3.0
Armour         | |  3.0
Shields        | |  3.0

Action                   || total
-------------------------++-------
Melee: Long sword        ||    53
Armor: Scale mail        ||    20
Dodge: Dodged            ||    23
Block: Buckler           ||    10
